 Dungeon Crawl Stone Soup version 0.24-a0-585-g5c5dc1b5cb (webtiles) character file.

Game seed: 3613143498210957776, levelgen mode: deterministic

482 E1999 the Covered (level 6, -5/52 HPs)
             Began as a Minotaur Gladiator on Sept 7, 2019.
             Slain by Menkaure (6 damage)
             ... in an ossuary.
             The game lasted 00:17:01 (3009 turns).

E1999 the Covered (Minotaur Gladiator)              Turns: 3009, Time: 00:17:02

Health: -5/52      AC:  7    Str: 19      XL:     6   Next: 87%
Magic:  5/5        EV: 12    Int:  4 (5)  God:
Gold:   145        SH:  0    Dex: 13      Spells: 5/5 levels left

rFire    . . .     SeeInvis .   j - +2 short sword (venom)
rCold    . . .     Gourm    .   (no shield)
rNeg     . . .     Faith    .   l - +0 ring mail
rPois    +         Spirit   .   c - +0 hat
rElec    .         Reflect  .   (no cloak)
rCorr    .         Harm     .   m - +0 pair of gloves
MR       .....                  (no boots)
Stlth    +.........             (no amulet)
HPRegen  0.17/turn              n - ring of poison resistance
MPRegen  0.09/turn              (no ring)

@: no status effects
A: retaliatory headbutt, horns 2
a: no special abilities


You were in an ossuary.
You were not hungry.

You visited 1 branch of the dungeon, and saw 4 of its levels.
You also visited: Ossuary.

You collected 145 gold pieces.

Inventory:

Hand Weapons
 a - a +0 war axe
 j - a +2 short sword of venom (weapon)
Missiles
 d - 3 throwing nets (quivered)
Armour
 b - a +0 leather armour
 c - a +0 hat (worn)
 l - a +0 ring mail (worn)
 m - a +0 pair of gloves (worn)
Jewellery
 e - a +4 ring of dexterity {unknown}
 n - a ring of poison resistance (left hand)
Scrolls
 i - a scroll of blinking {unknown}
 o - a scroll of enchant weapon {unknown}
 p - 2 scrolls of remove curse
Potions
 h - a potion of invisibility {unknown}
 k - a potion of degeneration {unknown}
 q - a potion of lignification {unknown}
 r - 2 potions of resistance {unknown}
 s - a potion of haste {unknown}
 t - a potion of flight {unknown}
Comestibles
 f - 6 rations


   Skills:
 - Level 4.0 Fighting
 - Level 4.7 Axes
 - Level 2.0 Throwing
 * Level 6.8 Armour
 - Level 3.2 Dodging
 + Level 1.7 Stealth


You had 5 spell levels left.
You didn't know any spells.
Your spell library was empty.

Dungeon Overview and Level Annotations

Branches:
Dungeon (4/15)            Ossuary (1/1)
 Temple: D:4-7

Altars:
Cheibriados
Sif Muna
Wu Jian

Annotations:
Ossuary Menkaure


Innate Abilities, Weirdness & Mutations

You reflexively headbutt those who attack you in melee.
You have a pair of horns on your head.


Message History

The hobgoblin zombie barely misses you.
You hit the mummy.
The mummy is moderately damaged.
Menkaure calls on the powers of darkness!
Your body is wracked with pain!
* * * LOW HITPOINT WARNING * * *
The mummy barely misses you.
The hobgoblin zombie closely misses you.
The mummy hits you but does no damage.
You puncture the mummy! You headbutt the mummy.
You destroy the mummy!
Menkaure gestures at you while chanting.
Pain shoots through your body!
* * * LOW HITPOINT WARNING * * *
Menkaure hits you!
* * * LOW HITPOINT WARNING * * *
The hobgoblin zombie closely misses you.
Okay, then.
Menkaure hits you.
You die...

#..###....#....#....#....###..#
#..'.#....#....#....#....#.#..#
#..#.#.........#.........#.#..#
#..#.####......#......####.'..#
#..###...................###..#
#..'.#...................'.#..#
#..#.'........!?!........#.#..#
#..#.#.......!?$!!.......#.'..#
#..########..?$@$...########..#
#..'.'.......M!MMZ.......#.#..#
#..#.#.M......!!?........#.#..#
#..#.#...................'.'..#
#..###...................###..#
#..'.####...+..#......####.#..#
#..#.#.........#.........#.#..#
#..#.#....#....#....#....#.'..#
#..###....#....#....#....###..#


You could see Menkaure, 2 mummies and a hobgoblin zombie.

Vanquished Creatures
  An elf zombie (Ossuary)
  A centaur zombie (Ossuary)
  An orc priest (D:3)
  2 orc wizards (D:3)
  A big kobold zombie (Ossuary)
  4 ogre zombies (Ossuary)
  4 mummies (Ossuary)
  3 gnolls (D:4)
  2 adders (D:2)
  6 adder zombies (Ossuary)
  2 worms (D:3)
  A dart slug (D:1)
  3 leopard geckos
  7 orcs (D:3)
  2 giant cockroaches
  A gnoll zombie (Ossuary)
  4 goblins
  6 hobgoblins
  14 bats
  4 frilled lizards
  4 goblin zombies (Ossuary)
  2 hobgoblin zombies (Ossuary)
  9 kobolds
  2 kobold zombies (Ossuary)
  4 quokka zombies (Ossuary)
  8 rats
  3 rat zombies (Ossuary)
101 creatures vanquished.

Notes
Turn   | Place    | Note
-------+----------+-------------------------------------------
     0 | D:1      | E1999 the Minotaur Gladiator began the quest for the Orb.
     0 | D:1      | Reached XP level 1. HP: 18/18 MP: 0/0
    28 | D:1      | Reached skill level 4 in Axes
   140 | D:2      | Reached XP level 2. HP: 25/25 MP: 1/1
   391 | D:1      | Reached skill level 3 in Fighting
   521 | D:1      | Reached XP level 3. HP: 31/31 MP: 2/2
   852 | D:2      | Reached skill level 4 in Fighting
   891 | D:2      | Found a faded altar of an unknown god.
   893 | D:2      | Became a worshipper of Sif Muna the Loreminder
   893 | D:2      | Reached * piety under Sif Muna
   894 | D:2      | Fell from the grace of Sif Muna
  1029 | D:3      | Reached XP level 4. HP: 40/40 MP: 3/3
  1098 | D:3      | Found a snail-covered altar of Cheibriados.
  1176 | D:3      | Reached skill level 1 in Armour
  1775 | D:3      | Reached skill level 2 in Armour
  1775 | D:3      | Reached skill level 1 in Stealth
  1781 | D:3      | Reached skill level 3 in Armour
  1781 | D:3      | Reached XP level 5. HP: 34/46 MP: 4/4
  1894 | D:4      | Found an ornate altar of the Wu Jian Council.
  1900 | D:4      | Reached skill level 4 in Armour
  1946 | D:4      | Found a sand-covered staircase.
  1953 | Ossuary  | Entered an ossuary
  2051 | Ossuary  | Reached skill level 5 in Armour
  2051 | Ossuary  | Reached XP level 6. HP: 44/52 MP: 5/5
  2276 | Ossuary  | Reached skill level 6 in Armour
  2602 | Ossuary  | Noticed Menkaure
  3008 | Ossuary  | HP: 1/52 [Menkaure (13)]
  3009 | Ossuary  | Slain by Menkaure

Levels and vault maps discovered:
D:1:      minmay_arrival_stone_box, layout_basic
D:2:      layout_rooms, chequers_ecumenical_altar_twisty, moated_statue
D:3:      layout_loops_corners, marbit_many_paths, first_ration,
          kennysheep_generic_room_4
D:4:      layout_basic, lemuel_round_altar, nicolae_overflow_crystal_walls,
          old_standard_altar, chequers_temple_overflow_statue_of_worship,
          gammafunk_temple_overflow_pools, nicolae_ossuary_entry_monument,
          gammafunk_ghost_cemetery, nicolae_tso_besieged_by_evil
Ossuary:  ossuary_boxes_badplayer

Skill      XL: |  1  2  3  4  5  6 |
---------------+-------------------+-----
Axes           | 4 |  4.7
Fighting       | 3 4 |  4.0
Armour         | 3 5 6 |  6.8
Stealth        | 1 |  1.7
Throwing       | |  2.0
Dodging        | |  3.2

Action                   |  1- 3 |  4- 6 || total
-------------------------+-------+-------++-------
Melee: War axe           |    28 |       ||    28
       Headbutt          |    15 |    48 ||    63
       Short sword       |    49 |   179 ||   228
Invok: Renounce Religion |     1 |       ||     1
  Use: Scroll            |     1 |     5 ||     6
       Potion            |       |     2 ||     2
 Stab: Sleeping          |       |     1 ||     1
  Eat: Chunk             |       |     3 ||     3
       Ration            |       |     2 ||     2
Armor: Leather armour    |    12 |       ||    12
       Ring mail         |    13 |    39 ||    52
Dodge: Dodged            |    69 |    94 ||   163

Table legend:
 A = Non-vault XP
 B = Vault XP
 C = Vault XP percentage of total XP
 D = Non-vault monster count
 E = Vault monster count
 F = Vault count percentage of total count
                 A         B        C        D         E       F
            +---------+---------+-------+---------+---------+-------
      Total |     289 |     400 |  58.1 |      65 |      36 |  35.6
            +---------+---------+-------+---------+---------+-------
        D:1 |      43 |       0 |   0.0 |      26 |       0 |   0.0
        D:2 |      53 |       0 |   0.0 |      20 |       0 |   0.0
        D:3 |     150 |       6 |   3.8 |      15 |       3 |  16.7
        D:4 |      43 |       0 |   0.0 |       4 |       0 |   0.0
    Ossuary |       0 |     394 | 100.0 |       0 |      33 | 100.0
            +---------+---------+-------+---------+---------+-------
